 Dungeon Crawl Stone Soup version 0.14-a0-2810-g474977d (webtiles) character file.

303 MirrMurr the Sneak (level 5, -2/24 HPs)
             Began as a Spriggan Enchanter on Feb 25, 2014.
             Slain by Neoxx's ghost (12 damage)
             ... on Level 3 of the Dungeon.
             The game lasted 00:09:28 (3606 turns).

MirrMurr the Sneak (Spriggan Enchanter)             Turns: 3606, Time: 00:09:28

HP  -2/24        AC  4     Str  5      XL: 5   Next: 76%
MP   5/14        EV 18     Int 16      God:
Gold 68          SH  0     Dex 17      Spells:  3 memorised,  3 levels left

rFire  . . .     SeeInvis +     a - +1 dagger
rCold  . . .     Clarity  .     f - +1 robe
rNeg   . . .     Conserve .     (shield restricted)
rPois  .         rCorr    .     (helmet restricted)
rElec  .         rRot     .     z - +0 elf cloak
SustAb . .       Spirit   .     (gloves unavailable)
rMut   .         Warding  .     (boots unavailable)
Saprov . . .     Stasis   .     (no amulet)
MR     .....                    (no ring)
                                (no ring)

@: very slightly contaminated, very quick, not resistant to hostile
enchantments, very stealthy
A: unfitting armour, see invisible, herbivore 3, speed 3, slow metabolism 2
a: no special abilities


You were on level 3 of the Dungeon.
You were full.

You visited 1 branch of the dungeon, and saw 3 of its levels.

You collected 68 gold pieces.

Inventory:

Hand weapons
 a - a +1,+1 dagger (weapon)
 b - a +2,+2 sling
Missiles
 d - 10 darts (quivered)
 m - 53 sling bullets
 n - 46 stones
 p - 37 poisoned needles
Armour
 f - a +1 robe (worn)
 r - a cursed +0 robe
 z - a +0 elven cloak (worn)
 D - a +0 robe
Magical devices
 g - a wand of heal wounds (3) {unknown}
Scrolls
 i - a scroll of curse weapon {unknown}
 j - 2 scrolls of enchant weapon II {unknown}
 o - a scroll of magic mapping {unknown}
 t - a scroll of curse jewellery {unknown}
 u - a scroll of immolation {unknown}
 w - a scroll of fear {unknown}
 x - 2 scrolls of identify {unknown}
 y - a scroll of remove curse {unknown}
 A - a scroll of blinking {unknown}
 C - 3 scrolls of teleportation {unknown}
Jewellery
 k - a cursed ring of teleportation {unknown}
 v - a +2 ring of dexterity {unknown}
Potions
 e - a potion of porridge
 h - a potion of agility
 l - a potion of flight {unknown}
 s - a potion of beneficial mutation {unknown}
 B - a potion of heal wounds {unknown}
Books
 c - a book of Maledictions

   Spells                             Type                      Level
   *Corona                            Hexes                        1
   Sure Blade                         Hexes/Charms                 2
   *Ensorcelled Hibernation           Hexes/Ice                    2
   *Confuse                           Hexes                        3
   Enslavement                        Hexes                        4
   Invisibility                       Hexes                        6
 q - a book of Necromancy

   Spells                             Type                      Level
   Pain                               Necromancy                   1
   Animate Skeleton                   Necromancy                   1
   Lethal Infusion                    Charms/Necromancy            2
   Vampiric Draining                  Necromancy                   3
   Regeneration                       Charms/Necromancy            3
   Animate Dead                       Necromancy                   4
   Control Undead                     Necromancy                   4


   Skills:
 + Level 3.8 Short Blades
 - Level 1.1 Throwing
 - Level 3.0 Dodging
 + Level 7.8 Stealth
 - Level 2.6 Spellcasting
 - Level 3.6 Hexes


You had 3 spell levels left.
You knew the following spells:

 Your Spells              Type           Power        Failure   Level  Hunger
a - Ensorcelled Hibernat  Hex/Ice        #.....       17%         2    ##.....
b - Confuse               Hex            ##......     14%         3    ###....
Z - Corona                Hex            ##.....      6%          1    #......


Dungeon Overview and Level Annotations

Branches:
Dungeon (3/16)

Altars:
Yredelemnul

Annotations:
D:3 Neoxx's ghost, average DrWz


Innate Abilities, Weirdness & Mutations

You are tiny and cannot use many weapons and most armour.
You have supernaturally acute eyesight.
You are a herbivore.
You cover ground extremely quickly.
You need consume almost no food.


Message History

You catch the helpless Neoxx's ghost completely off-guard!
You impale Neoxx's ghost!!
Neoxx's ghost is severely damaged.
Neoxx's ghost seems less confused.
Neoxx's ghost completely misses you.
You hit Neoxx's ghost but do no damage.
Neoxx's ghost is severely damaged.
Neoxx's ghost hits you!
You hit Neoxx's ghost.
Neoxx's ghost is almost destroyed.
You closely miss Neoxx's ghost.
Neoxx's ghost is almost destroyed.
Neoxx's ghost completely misses you.
Casting: Confuse
Confirm with . or Enter, or press ? or * to list all spells.
Aiming: Confuse
Press: ? - help, Shift-Dir - straight line, f/p - Neoxx's ghost
Aim: Neoxx's ghost (almost destroyed) Neoxx's ghost resists.
Neoxx's ghost hits you!
Ouch! That really hurt!
You die...

###################..
###########................##..
#..........................####
..........................5...
....................####.....
#...................# #.....
#.%.................####.....
#####..%.......p........#.......#
#...............@.......#.......#
#.......................#.......#
#....###............#####........
#.................(..............
#.........##.##..................
#.........##.##.................#
#.........##>....................
#.........#...#.................#
#...............................#


You could see Neoxx's ghost.

Vanquished Creatures
  An orc priest (D:3)
  A centaur zombie (D:3)
  Jessica (D:3)
  9 adders
  An inept feature mimic (D:2)
  A worm (D:2)
  2 giant geckos (D:3)
  11 orcs (D:3)
  4 bats
  6 goblins
  5 hobgoblins
  5 kobolds
  A quokka (D:3)
  A giant cockroach (D:3)
  2 giant newts
  5 rats
56 creatures vanquished.

Notes
Turn   | Place    | Note
--------------------------------------------------------------
     0 | D:1      | MirrMurr, the Spriggan Enchanter, began the quest for the Orb.
     0 | D:1      | Reached XP level 1. HP: 9/9 MP: 4/4
   366 | D:1      | Reached skill level 4 in Stealth
   701 | D:1      | Reached XP level 2. HP: 8/13 MP: 7/7
   705 | D:1      | Learned a level 2 spell: Ensorcelled Hibernation
  1048 | D:2      | Reached skill level 5 in Stealth
  1198 | D:2      | Reached XP level 3. HP: 16/16 MP: 3/9
  1203 | D:2      | Learned a level 3 spell: Confuse
  1507 | D:2      | Reached skill level 6 in Stealth
  2124 | D:3      | Reached XP level 4. HP: 21/21 MP: 12/12
  2185 | D:3      | Noticed Jessica
  2694 | D:3      | Reached skill level 7 in Stealth
  2903 | D:3      | Reached XP level 5. HP: 17/24 MP: 11/14
  2923 | D:3      | Killed Jessica
  3423 | D:3      | Noticed Neoxx's ghost (average DrWz)
  3521 | D:3      | Found a basalt altar of Yredelemnul.
  3606 | D:3      | Slain by Neoxx's ghost

Action                   |  1- 3 |  4- 6 || total
-------------------------+-------+-------++-------
Melee: Dagger            |    93 |   135 ||   228
Throw: Dart              |     5 |       ||     5
 Cast: Ensorcelled Hiber |     5 |    11 ||    16
       Corona            |     1 |       ||     1
       Confuse           |       |     8 ||     8
 Stab: Sleeping          |     9 |    11 ||    20
       Confused          |       |     1 ||     1
